 Dungeon Crawl Stone Soup version 0.31-a0-705-ga145531891 (webtiles) character file.

Game seed: 5246247892798089746

5 Bravepunisher the Ducker (level 1, -3/11 HPs)
             Began as a Spriggan Monk on Sept 9, 2023.
             Slain by an orc
             ... wielding a +0 trident
              (7 damage)
             ... on level 5 of the Dungeon.
             The game lasted 00:01:15 (349 turns).

Bravepunisher the Ducker (Spriggan Monk)             Turns: 349, Time: 00:01:16

Health: -3/11      AC:  2    Str:  7    XL:     1   Next: 66%
Magic:  2/2        EV: 19    Int: 11    God:
Gold:   0          SH:  0    Dex: 17    Spells: 0/0 levels left

rFire   . . .        a - +0 short sword
rCold   . . .        d - orb {light}
rNeg    . . .        b - +0 robe
rPois   .            (helmet restricted)
rElec   .            (no cloak)
rCorr   .            (gloves unavailable)
SInv    +            (boots unavailable)
Will    .....        (no amulet)
Stlth   +            (no ring)
HPRegen 0.21/turn    (no ring)
MPRegen 0.08/turn

%: no passive effects
@: glowing, very quick
A: very small, no large weapons, unfitting armour, see invisible, speed 3
a: no special abilities


You were on level 5 of the Dungeon.
You visited 1 branch of the dungeon, and saw 5 of its levels.

Inventory:

Hand Weapons
 a - a +0 short sword (weapon)
Armour
 b - a +0 robe (worn)
 d - an orb of light (worn)
Scrolls
 f - a scroll of identify {unknown}
 g - a scroll of teleportation {unknown}
 i - a scroll of brand weapon {unknown}
Potions
 c - a potion of ambrosia
 e - a potion of attraction {unknown}
 h - a potion of enlightenment {unknown}


   Skills:
 + Level 2.5 Fighting
 - Level 3.2 Short Blades
 * Level 4.3 Dodging


You couldn't memorise any spells.
You didn't know any spells.
Your spell library was empty.

Dungeon Overview and Level Annotations

Branches:
Dungeon (5/15)
 Temple: D:4-7

Altars:
Fedhas

Shops:
D:5 *


Innate Abilities, Weirdness & Mutations

You are very small and have problems with some larger weapons.
You are too small for most types of armour.
You have supernaturally acute eyesight. (SInv)
You cover ground extremely quickly. (Speed+++)


Message History

As you open the door, it creaks loudly!
A jackal and an orc come into view.
The jackal barks!
The orc shouts! x2; You hear a bark!
There is a stone staircase leading down here.
You climb downwards.
There is a stone staircase leading up here.
The orc misses you.
You hit the orc.
The orc is moderately wounded.
The orc closely misses you.
You hit the orc but do no damage.
The orc is moderately wounded.
The orc misses you.
You hit the orc but do no damage.
The orc is moderately wounded.
You barely miss the orc.
The orc is moderately wounded.
The orc closely misses you.
You hit the orc but do no damage.
The orc is moderately wounded.
The orc hits you with a +0 trident.
You hit the orc but do no damage.
The orc is moderately wounded.
The orc misses you.
You barely miss the orc.
The orc is moderately wounded.
The orc barely misses you.
You hit the orc but do no damage.
The orc is moderately wounded.
You barely miss the orc.
The orc is moderately wounded.
The orc misses you.
You hit the orc but do no damage.
The orc is moderately wounded.
The orc hits you with a +0 trident.
You hit the orc but do no damage.
The orc is moderately wounded.
The orc hits you with a +0 trident!
Ouch! That really hurt!
You die...

######
##......
##.......
#<..# ##@##
#......o...#
##########.#
#


You could see an orc.

Vanquished Creatures
  A dart slug (D:2)
  A quokka (D:1)
  2 rats
4 creatures vanquished.

Notes
Turn   | Place    | Note
-------+----------+-------------------------------------------
     0 | D:1      | Bravepunisher the Spriggan Monk began the quest for the
                  | Orb.
     0 | D:1      | Reached XP level 1. HP: 11/11 MP: 2/2
   228 | D:5      | Entered Level 5 of the Dungeon
   228 | D:5      | Found Qamots's Assorted Antiques.
   240 | D:4      | Found a blossoming altar of Fedhas.
   287 | D:4      | Noticed an orc priest
   287 | D:4      | Noticed an orc priest
   349 | D:5      | Slain by an orc

Illustrated notes

Levels and vault maps discovered:
D:1:      sevenhm_arrival_forest_fort_small_5, layout_basic, minmay_tetromino_s4
D:2:      layout_basic, lemuel_flame_loot_1
D:3:      layout_rooms, serial_shops, nicolae_shop_crystal
D:4:      layout_basic, mainiacjoe_overflow_cross_hatched, minivault_14
D:5:      layout_basic, vehumet_crystals, nicolae_elyvilon_peaceful_grove,
          serial_shops, shop, uniq_prince_ribbit1, uniq_ijyb

Action                     || total
---------------------------++-------
  Melee: Short sword       ||    24
 Armour: Robe              ||     9
  Dodge: Dodged            ||    16

Table legend: (Time is in decaauts)
 A = Elapsed time spent in this place.
 B = Non-inter-level travel time spent in this place.
 C = Inter-level travel time spent in this place.
 D = Time resting spent in this place.
 E = Time spent auto-exploring this place.
 F = Levels seen in this place.
 G = Mean time per level.
                   A        B        C        D        E       F      G
               +--------+--------+--------+--------+--------+-----+--------+
         Total |    226 |    226 |      0 |      0 |    100 |   5 |   45.2 |
       Dungeon |    226 |    226 |      0 |      0 |    100 |   5 |   45.2 |
               +--------+--------+--------+--------+--------+-----+--------+

Top non-repeatable levels by time:
     D:1: 100 daAuts
     D:4: 69 daAuts
     D:2: 34 daAuts
     D:5: 11 daAuts
     D:3: 11 daAuts
